 Dungeon Sprint DCSS version 0.21.1-1-g345015f (webtiles) character file.

1578 sanboga the Cleaver (level 8, -5/81 HPs)
             Began as a Gargoyle Berserker on May 1, 2018.
             Was a High Priest of Trog.
             Slain by Kirke (14 damage)
             ... in the Dungeon (Sprint II: "The Violet Keep of Menkaure").
             The game lasted 00:02:55 (896 turns).

sanboga the Cleaver (Gargoyle Berserker)             Turns: 896, Time: 00:02:56

Health: -5/81      AC:  8    Str: 27    XL:     8   Next: 91%
Magic:  2/2        EV: 12    Int:  9    God:    Trog [*****.]
Gold:   972        SH:  0    Dex:  9    Spells: 7/7 levels left

rFire    . . .     SeeInvis .   c - +5 executioner's axe (antimagic)
rCold    . . .     Gourm    .   (shield currently unavailable)
rNeg     + . .     Faith    .   b - +0 animal skin
rPois    ∞         Spirit   .   (no helmet)
rElec    +         Reflect  .   (no cloak)
rCorr    .         Harm     .   (no gloves)
MR       ++...     NoTele   +   (no boots)
Stlth    ..........             (no amulet)
HPRegen  1.23/turn              (no ring)
MPRegen  0.08/turn              (no ring)

@: berserking (expiring), regenerating, very quick
A: frail 1, low mp 1, negative energy resistance 1, electricity resistance,
unbreathing, petrification resistance, rot immunity, subdued magic 1, AC +5
a: Berserk, Trog's Hand, Brothers in Arms, Burn Spellbooks, Renounce Religion


You were in the Dungeon.
You worshipped Trog.
Trog was extremely pleased with you.
You were very hungry.

You visited 1 branch You collected 972 gold pieces.

Inventory:

Hand Weapons
 c - a +5 antimagic executioner's axe (weapon)
Armour
 b - a +0 animal skin (worn)
Scrolls
 i - a scroll of blinking
Potions
 d - a potion of curing
 e - a potion of heal wounds
 f - a potion of haste
 g - 2 potions of magic
 h - a potion of berserk rage


   Skills:
 + Level 11.0 Fighting
 * Level 12.6 Axes
 + Level 10.8 Armour
 - Level 1.5 Dodging


You had 7 spell levels left.
You didn't know any spells.

Dungeon Overview and Level Annotations

Branches:
Dungeon (1/1)

Altars:

Shops:
D %:(:[*=!=:%?[%}!

Annotations:
D exclusion: oklob plant, Kirke


Innate Abilities, Weirdness & Mutations

You are resistant to torment.
Your stone body is resilient. (AC +5)
You are immune to poison.
You resist negative energy. (rN+)
You are resistant to electric shocks. (rElec)
You can survive without breathing.
You are immune to petrification.
You are immune to rotting.
You are frail. (-10% HP)
Your magical capacity is low. (-10% MP)
Your spells are a little easier to cast, but a little less powerful.


Message History

The lindwurm bites you.
* * * LOW HITPOINT WARNING * * *
The lindwurm claws you.
* * * LOW HITPOINT WARNING * * *
The lindwurm claws you.
* * * LOW HITPOINT WARNING * * *
You slash the lindwurm!
The lindwurm is heavily wounded.
The lindwurm barely misses you. x2; The lindwurm misses you.
You barely miss the lindwurm.
The lindwurm is heavily wounded.
You closely miss something. You closely miss something. Something hits you!
* * * LOW HITPOINT WARNING * * *
You chop something into pieces!!! The lindwurm breathes flames at you.
The blast of flame misses you. Something hits you but does no damage.
You slice something!! You miss something. Something hits you!
You die...

;;;
###########≈≈#+++#+++##
##########≈≈≈.........#
#.∩.∩....#≈≈≈≈.##+##
#..∩.∩...#≈≈≈≈##.#.##
#...∩.∩.z#≈≈≈≈#.##..#
#....∩.⌠.#≈≈#####..####
#...∩Y∩..#)##.###'###.#
#..∩.∩.h.#)#@#.##.##..##
#.∩.∩...Hhk'###'.<.'##.+
#∩.∩.....#Y#.#.##.##..##
▓▓▓▓▓▓▓###≈##.###'###.#
#[aJ######≈≈####.######
#$.a# ##≈≈≈#.##..# #∩P)
+#≈##...# #!.. ≈≈##'##
#$. ≈≈≈≈≈≈


You could see an elephant, a manticore, a lindwurm and a polar bear.

Vanquished Creatures
  A centaur warrior (D)
  A kobold demonologist (D)
  2 hippogriffs (D)
  A polar bear (D)
  4 neqoxecs (D)
  Menkaure (D)
  4 worker ants (D)
  3 worms (D)
17 creatures vanquished.

Vanquished Creatures (others)
  A crocodile (D)
1 creature vanquished.

Grand Total: 18 creatures vanquished

Notes
Turn   | Place    | Note
-------+----------+-------------------------------------------
     0 | D        | sanboga the Gargoyle Berserker began the quest for the Orb.
     0 | D        | Reached XP level 1. HP: 14/14 MP: 1/1
     1 | D        | Noticed a hippogriff
     1 | D        | Noticed a hippogriff
     9 | D        | Reached skill level 3 in Axes
    12 | D        | Reached XP level 2. HP: 20/20 MP: 2/2
    26 | D        | Killed a crocodile
    60 | D        | Noticed an electric eel
    60 | D        | Noticed an electric eel
    60 | D        | Noticed an electric eel
    61 | D        | Noticed an electric eel
    61 | D        | Noticed an electric eel
    61 | D        | Noticed an electric eel
    70 | D        | Reached ** piety under Trog
   118 | D        | Reached skill level 4 in Axes
   118 | D        | Reached XP level 3. HP: 24/24 MP: 3/3
   122 | D        | Reached skill level 5 in Fighting
   122 | D        | Reached skill level 5 in Axes
   122 | D        | Reached XP level 4. HP: 31/31 MP: 4/4
   126 | D        | Reached skill level 6 in Axes
   128 | D        | Reached *** piety under Trog
   128 | D        | Reached skill level 5 in Armour
   160 | D        | Noticed a neqoxec
   161 | D        | Gained mutation: Your spells are a little easier to cast, but a little less powerful. [a neqoxec]
   163 | D        | Gained mutation: Your magical capacity is low. (-10% MP) [a neqoxec]
   169 | D        | Gained mutation: You are frail. (-10% HP) [a neqoxec]
   176 | D        | Killed a neqoxec
   176 | D        | Reached skill level 8 in Axes
   176 | D        | Reached XP level 5. HP: 29/34 MP: 4/4
   176 | D        | Reached XP level 6. HP: 32/39 MP: 5/5
   241 | D        | Killed a hippogriff
   241 | D        | Reached skill level 9 in Axes
   247 | D        | Killed a hippogriff
   247 | D        | Reached **** piety under Trog
   247 | D        | Reached skill level 10 in Axes
   247 | D        | Reached XP level 7. HP: 8/45 MP: 6/6
   503 | D        | Noticed a neqoxec
   504 | D        | Noticed a neqoxec
   504 | D        | Noticed a neqoxec
   509 | D        | Killed a neqoxec
   510 | D        | Noticed a flying skull
   510 | D        | Noticed a flying skull
   510 | D        | Noticed a flying skull
   511 | D        | Noticed a flying skull
   512 | D        | Noticed a flying skull
   513 | D        | Noticed a flying skull
   513 | D        | Noticed a flying skull
   513 | D        | Noticed a flying skull
   513 | D        | Killed a neqoxec
   513 | D        | Reached skill level 11 in Axes
   513 | D        | Reached XP level 8. HP: 44/51 MP: 7/7
   515 | D        | Noticed a flying skull
   516 | D        | Noticed a flying skull
   518 | D        | Reached skill level 10 in Fighting
   520 | D        | Noticed a flying skull
   521 | D        | Noticed a flying skull
   643 | D        | Found Giylouqa's Food Emporium.
   643 | D        | Found Ygax's Distillery.
   643 | D        | Found Horuorej's Book Shoppe.
   643 | D        | Found Aceracosty's Antique Armour Shoppe.
   643 | D        | Found Kauzixiz's Gadget Shoppe.
   643 | D        | Found Peennos's Jewellery Emporium.
   643 | D        | Found Zoewuow's Magic Scroll Emporium.
   643 | D        | Found Dackace's Distillery.
   644 | D        | Found Kafereru's Jewellery Emporium.
   644 | D        | Found Boilufie's General Store.
   644 | D        | Found Olaneil's Antique Armour Shoppe.
   645 | D        | Found Mepnel's Food Emporium.
   645 | D        | Noticed a slime creature
   646 | D        | Found Diywn's Book Shoppe.
   646 | D        | Found Imuywk's Antique Weapon Emporium.
   646 | D        | Noticed Menkaure
   646 | D        | Noticed a slime creature
   646 | D        | Noticed a slime creature
   646 | D        | Noticed an oklob plant
   647 | D        | Found Piggial's Food Shoppe.
   647 | D        | Found Mol Vief's Book Shoppe.
   650 | D        | Noticed a kobold demonologist
   660 | D        | Noticed a centaur warrior
   663 | D        | Killed Menkaure
   663 | D        | Reached ***** piety under Trog
   663 | D        | Reached skill level 10 in Armour
   667 | D        | Killed a kobold demonologist
   674 | D        | Killed a centaur warrior
   674 | D        | Reached skill level 12 in Axes
   677 | D        | Noticed a skeletal warrior
   791 | D        | Noticed a polar bear
   791 | D        | Noticed a polar bear
   796 | D        | Noticed an elephant
   815 | D        | Killed a polar bear
   815 | D        | Received a gift from Trog
   879 | D        | Noticed Kirke
   882 | D        | Noticed a lindwurm
   887 | D        | Noticed a manticore
   896 | D        | Slain by Kirke

Skill      XL: |  1  2  3  4  5  6  7  8 |
---------------+-------------------------+-----
Axes           | 3 4 5 8 10 11 12 | 12.6
Armour         | 3 4 6 8 9 10 | 10.8
Fighting       | 4 5 7 9 11 | 11.0
Dodging        | |  1.5

Action                   |  1- 3 |  4- 6 |  7- 9 || total
-------------------------+-------+-------+-------++-------
Melee: Hand axe          |    24 |    29 |    33 ||    86
       Executioner's axe |       |       |     9 ||     9
Invok: Berserk           |     2 |     2 |     4 ||     8
       Trog's Hand       |       |       |     1 ||     1
  Eat: Chunk             |       |     1 |     2 ||     3
       Ration            |       |       |     1 ||     1
Armor: Animal skin       |     2 |     4 |     6 ||    12
Dodge: Dodged            |    10 |     9 |    13 ||    32
